 Dungeon Crawl Stone Soup version 0.25.1-2-g60ff931df9 (webtiles) character file.

Game seed: 15572457742407373456

115 hellfireifrit the Ruffian (level 4, 0/35 HPs)
             Began as a Draconian Transmuter on Nov 1, 2020.
             Was an Initiate of Elyvilon.
             Killed by nerve-wracking pain
             ... invoked by an orc priest
              (10 damage)
             ... on level 3 of the Dungeon.
             The game lasted 00:19:22 (1913 turns).

hellfireifrit the Ruffian (Draconian Transmuter)    Turns: 1913, Time: 00:19:22

Health: 0/35       AC:  5    Str: 12    XL:     4   Next: 68%
Magic:  7/7        EV: 13    Int: 15    God:    Elyvilon [......]
Gold:   106        SH:  0    Dex: 11    Spells: 5/8 levels left

rFire    . . .     SeeInvis .   d - +0 club
rCold    . . .     Gourm    .   (no shield)
rNeg     . . .     Faith    .   (armour unavailable)
rPois    .         Spirit   .   (helmet restricted)
rElec    .         Reflect  .   (no cloak)
rCorr    .         Harm     .   (no gloves)
MR       .....                  (no boots)
Stlth    +.........             (no amulet)
HPRegen  0.11/turn              (no ring)
MPRegen  0.10/turn              (no ring)

@: no status effects
A: unfitting armour, cold-blooded, AC +5
a: Renounce Religion


You were on level 3 of the Dungeon.
You worshipped Elyvilon.
Elyvilon was noncommittal.
You were not hungry.

You visited 1 branch of the dungeon, and saw 3 of its levels.

You collected 106 gold pieces.

Inventory:

Hand Weapons
 b - a cursed -2 spear
 d - a +0 club (weapon)
 o - a +0 flail
Missiles
 a - 12 arrows
 m - 4 boomerangs of dispersal (quivered)
Armour
 e - a +0 scale mail
 i - a +0 robe
 j - a +0 robe
 k - a +0 pair of gloves
 q - a +0 chain mail
Jewellery
 f - a cursed ring of teleportation
Wands
 p - a wand of digging (6)
Scrolls
 g - a scroll of identify
 h - a scroll of blinking
 l - a scroll of teleportation {unknown}
Potions
 n - a potion of lignification {unknown}
Comestibles
 c - 5 rations


   Skills:
 + Level 1.6 Fighting
 + Level 1.1 Maces & Flails
 + Level 2.8 Dodging
 + Level 0.6 Stealth
 + Level 3.6 Unarmed Combat
 + Level 2.5 Spellcasting
 + Level 2.5 Transmutations


You had 5 spell levels left.
You knew the following spells:

 Your Spells              Type           Power        Failure   Level  Hunger
a - Beastly Appendage     Tmut           #.....       8%          1    #......
b - Sticks to Snakes      Tmut           #.......     11%         2    ###....

Your spell library contained the following spells:

 Spells                   Type           Power        Failure   Level  Hunger
 Spider Form              Tmut/Pois      #.........   36%         3    ###....
 Ice Form                 Ice/Tmut       #.......     77%         4    #####..
 Blade Hands              Tmut           #.........   90%         5    ######.


Dungeon Overview and Level Annotations

Branches:
Dungeon (3/15)

Altars:
Elyvilon


Innate Abilities, Weirdness & Mutations

Your plain brown scales are hard. (AC +5)
You cannot fit into any form of body armour.
You are cold-blooded and may be slowed by cold attacks.


Message History

There is a white marble altar of Elyvilon here.
You see here a stone.
You kneel at the altar of Elyvilon.
Elyvilon welcomes you!
An orc priest comes into view. It is wielding a +0 flail.
The orc priest shouts!
An orc priest comes into view.
Found a stone staircase leading up.
You closely miss the orc priest.
The orc priest shouts!
Your tail-slap misses the orc priest.
The orc priest calls down the wrath of Beogh upon you.
Pain shoots through your body!
You closely miss the orc priest.
The orc priest hits you with a +0 flail.
* * * LOW HITPOINT WARNING * * *
The orc priest looks braver for a moment.
The orc priest mumbles some strange prayers to Beogh against you.
Pain shoots through your body!
You die...

... ...##.....##..####..
#..####.#...(...#..# #..
#.......#.o.....#..# #..
+....<......_...(..# #..
#......o#.......#..# ##'
.......o#...(...#..# ###.
........##.....##..# #...
......o.####.####..# #.##
...<....@..........# #.#
#..............#.#.###.#
#..............#.#.....#
#..............#.........
#..............###.#.###.
#.........#....# #.#.. .
#.........#....# #.####
.........#....# #.. #..


You could see 2 orc priests and an orc.

Vanquished Creatures
  An orc wizard (D:3)
  An ooze (D:1)
  A dart slug (D:2)
  2 leopard geckos
  3 orcs (D:3)
  2 ball pythons (D:1)
  3 giant cockroaches
  6 goblins
  3 hobgoblins (D:1)
  2 jackals (D:1)
  10 kobolds
  2 bats
  5 frilled lizards
  6 rats
47 creatures vanquished.

Vanquished Creatures (collateral kills)
  A worker ant (D:2)
  2 adders
  A worm (D:3)
  An orc (D:3)
  A goblin (D:3)
  A hobgoblin (D:1)
  2 kobolds
  A bat (D:1)
  A frilled lizard (D:1)
11 creatures vanquished.

Grand Total: 58 creatures vanquished

Notes
Turn   | Place    | Note
-------+----------+-------------------------------------------
     0 | D:1      | hellfireifrit the Draconian Transmuter began the quest for
                  | the Orb.
     0 | D:1      | Reached XP level 1. HP: 16/16 MP: 3/3
    93 | D:1      | Reached XP level 2. HP: 22/23 MP: 5/5
   100 | D:1      | Learned a level 2 spell: Sticks to Snakes
   703 | D:1      | Reached XP level 3. HP: 24/28 MP: 1/6
  1592 | D:2      | Reached XP level 4. HP: 26/35 MP: 1/7
  1684 | D:3      | Found a white marble altar of Elyvilon.
  1718 | D:3      | Reached skill level 1 in Maces & Flails
  1902 | D:3      | Became a worshipper of Elyvilon the Healer
  1913 | D:3      | Killed from afar by an orc priest

Illustrated notes

Levels and vault maps discovered:
D:1:      ncdulo_lavacross, layout_basic
D:2:      layout_rooms
D:3:      layout_basic, old_standard_altar, grunt_temple_overflow_open,
          nicolae_ru_path_of_blood

Skill      XL: |  1  2  3  4 |
---------------+-------------+-----
Dodging        | 2 |  2.8
Maces & Flails | 1 |  1.1
Fighting       | |  1.6
Stealth        | |  0.6
Unarmed Combat | |  3.6
Spellcasting   | |  2.5
Transmutations | |  2.5

Action                   |  1- 3 |  4- 6 || total
-------------------------+-------+-------++-------
Melee: Unarmed           |    23 |       ||    23
       Tailslap          |    20 |     4 ||    24
       Club              |   148 |    46 ||   194
       Punch             |     1 |       ||     1
 Cast: Sticks to Snakes  |    10 |     6 ||    16
  Use: Scroll            |     5 |     2 ||     7
 Stab: Sleeping          |     2 |       ||     2
  Eat: Chunk             |     2 |       ||     2
       Ration            |     1 |       ||     1
Armor: Skin              |    69 |    11 ||    80
Dodge: Dodged            |   131 |    35 ||   166
